 Dungeon Crawl Stone Soup version 0.19.0-11-g3fc08b3 (webtiles) character file.

91 inmateoo the Slasher (level 4, -10/60 HPs)
             Began as a Naga Warper on Nov 8, 2016.
             Mangled by an ogre
             ... wielding a +0 giant club
              (19 damage)
             ... on level 4 of the Dungeon.
             The game lasted 00:03:01 (2736 turns).

inmateoo the Slasher (Naga Warper)                  Turns: 2736, Time: 00:03:02

Health: -10/60     AC:  8    Str: 19 (20) XL:     4   Next: 59%
Magic:  7/7        EV:  3    Int: 13 (16) God:
Gold:   137        SH:  0    Dex:  8 (10) Spells: 0 memorised, 7 levels left

rFire  . . .     SeeInvis +     a - +0 falchion
rCold  . . .     Gourm    .     h - +0 plate armour
rNeg   . . .     Faith    .     (no shield)
rPois  +         Spirit   .     o - +1 helmet
rElec  .         Reflect  .     (no cloak)
rCorr  .         Harm     .     (no gloves)
MR     .....                    (no barding)
Stlth  ..........               (no amulet)
                                b - +3 ring of intelligence
                                i - ring of loudness

@: berserking, quick
A: see invisible, deformed body, poison resistance, slowness 2, slow metabolism
1, spit poison 1, AC +1
a: Spit Poison


You were on level 4 of the Dungeon.
You were not hungry.

You visited 1 branch of the dungeon, and saw 4 of its levels.

You collected 137 gold pieces.

Inventory:

Hand Weapons
 a - a +0 falchion (weapon)
Missiles
 e - 5 tomahawks of dispersal (quivered)
Armour
 h - a +0 plate armour (worn)
 o - a +1 helmet (worn)
Jewellery
 b - a +3 ring of intelligence (right hand)
 i - a ring of loudness (left hand)
 j - an uncursed ring of fire
 u - an uncursed ring of ice {unknown}
Wands
 q - a wand of random effects (35/48)
Scrolls
 d - 2 scrolls of blinking
 l - a scroll of remove curse
Potions
 n - 2 potions of cancellation {unknown}
 s - 2 potions of curing {unknown}
Books
 c - a book of Spatial Translocations

   Spells                             Type                      Level
   a - Blink                          Translocation                2
   b - Shroud of Golubria             Charms/Translocation         2
   c - Lesser Beckoning               Translocation                3
   d - Portal Projectile              Translocation                3
   e - Teleport Other                 Translocation                3
   f - Passage of Golubria            Translocation                4
Comestibles
 f - 2 bread rations
 g - a slice of pizza
 r - a meat ration
 t - 3 fruits


   Skills:
 + Level 2.4 Fighting
 - Level 3.5 Long Blades
 - Level 0.8 Throwing
 + Level 1.2 Armour
 + Level 1.9 Dodging
 * Level 1.6 Unarmed Combat
 - Level 2.0 Spellcasting
   Level 3.0 Translocations


You had 7 spell levels left.
You didn't know any spells.

Dungeon Overview and Level Annotations

Branches:
Dungeon (4/15)
 Temple: D:4-7

Altars:

Annotations:
D:3 Robin


Innate Abilities, Weirdness & Mutations

You cannot wear boots.
Your serpentine skin is tough. (AC +1)
You have supernaturally acute eyesight. (SInv)
Armour fits poorly on your strangely shaped body.
Your system is resistant to poisons. (rPois)
You cover ground very slowly.
You have a slow metabolism.
You can spit poison.


Message History

The scorpion stings you but does no damage.
The hobgoblin hits you with a club.
* * * LOW HITPOINT WARNING * * *
The goblin hits you but does no damage.
Unknown command.
Your plate armour prevents you from hitting the scorpion.
The scorpion is lightly wounded.
The ogre hits you with a giant club.
* * * LOW HITPOINT WARNING * * *
The goblin hits you but does no damage. The scorpion barely misses you.
You riposte.
You slash the scorpion!
The scorpion is almost dead.
You closely miss the scorpion.
The scorpion is almost dead.
The goblin hits you.
* * * LOW HITPOINT WARNING * * *
The hobgoblin hits you with a club.
* * * LOW HITPOINT WARNING * * *
The goblin hits you but does no damage. The ogre hits you with a giant club!!
You die...

#######
##§§§§§##
####.§s§§§.##
#....§g@§§..#
#.#.8§ggO§8.#
#...§§....#
#...8§8§§..#
#..........#
#.8...§.8..#
#....>.....#
.#.$.....#.#


You could see an ogre, a scorpion, a hobgoblin and 2 goblins.

Vanquished Creatures
  3 adders
  An ooze (D:1)
  2 dart slugs
  A leopard gecko (D:2)
  4 giant cockroaches
  6 goblins
  5 hobgoblins
  8 jackals (D:2)
  4 kobolds
  3 quokkas (D:2)
  A ball python (D:2)
  4 bats
  6 frilled lizards
  3 rats
51 creatures vanquished.

Notes
Turn   | Place    | Note
-------+----------+-------------------------------------------
     0 | D:1      | inmateoo the Naga Warper began the quest for the Orb.
     0 | D:1      | Reached XP level 1. HP: 19/19 MP: 3/3
   355 | D:1      | Reached XP level 2. HP: 26/26 MP: 5/5
  1198 | D:2      | Reached XP level 3. HP: 32/32 MP: 6/6
  1515 | D:2      | Reached skill level 1 in Armour
  1661 | D:2      | Reached skill level 1 in Unarmed Combat
  1663 | D:2      | Reached XP level 4. HP: 31/39 MP: 7/7
  2719 | D:3      | Noticed Robin
  2726 | D:4      | Noticed an ogre
  2736 | D:4      | Mangled by an ogre

Skill      XL: |  1  2  3 |
---------------+----------+-----
Long Blades    | 3 |  3.5
Armour         | 1 |  1.2
Unarmed Combat | 1 |  1.6
Fighting       | |  2.4
Throwing       | |  0.8
Dodging        | |  1.9
Spellcasting   | |  2.0
Translocations | |  3.0

Action                   |  1- 3 |  4- 6 || total
-------------------------+-------+-------++-------
Melee: Falchion          |   110 |   130 ||   240
 Abil: Spit Poison       |     2 |       ||     2
  Use: Scroll            |     1 |     3 ||     4
       Potion            |       |     2 ||     2
  Eat: Chunk             |     1 |     4 ||     5
Armor: Leather armour    |     5 |       ||     5
       Plate armour      |    67 |   141 ||   208
Dodge: Dodged            |    24 |    19 ||    43
       Rpst.: Falchion   |    10 |     6 ||    16
